[Event "*** Titled Tuesday Blitz"]
[Site "Chess.com"]
[Date "2020.05.19"]
[Round "1"]
[White "amiralfio"]
[Black "AnishGiri"]
[Result "0-1"]
[WhiteElo "2460"]
[BlackElo "3009"]
[TimeControl "180+1"]
[EndTime "12:05:12 PDT"]
[Termination "AnishGiri won by resignation"]

1. d4 Nf6 2. Bf4 c5 3. d5 d6 4. Nc3 e5 5. dxe6 Bxe6 6. e4 Nc6 7. Nf3 Be7 8. Bb5 O-O 9. O-O Qb6 10. Re1 Rad8 11. Qe2 Nd4 12. Nxd4 cxd4 13. Nd5 Bxd5 14. exd5 Nxd5 15. Bg3 Bf6 16. Bd3 Nb4 17. b3 Rc8 18.
Qe4 g6 19. Bc4 d5 20. Bxd5 Nxc2 21. Bxb7 Rc3 22. Bd5 Nxa1 23. Rxa1 Qc5 24. h4 Rd8 25. Bc4 d3 26. h5 Rxc4 0-1

[Event "*** Titled Tuesday Blitz"]
[Site "Chess.com"]
[Date "2020.05.19"]
[Round "1"]
[White "mortngabriel"]
[Black "AverageRecord"]
[Result "0-1"]
[WhiteElo "2457"]
[BlackElo "2954"]
[TimeControl "180+1"]
[EndTime "12:05:12 PDT"]
[Termination "AverageRecord won by resignation"]

1. d4 d5 2. c4 dxc4 3. Nf3 c5 4. e3 cxd4 5. Qxd4 Qxd4 6. Nxd4 a6 7. Bxc4 e5 8. Nf3 Nc6 9. O-O Bg4 10. Bd5 Nge7 11. Nc3 Nxd5 12. Nxd5 O-O-O 13. Nb6+ Kc7 14. Nc4 f6 15. a3 Be6 16. b3 Rd3 17. Rb1 Rxb3 18. Rxb3 Bxc4 19. Rc3 Bxf1 20. Kxf1 Be7 21. Ke2 Rd8 22.
Bb2 b5 23. Nd2 Kb6 24. Ne4 a5 25. g4 a4 26. h4 Na5 27. Nd2 b4 28. axb4 Bxb4 29.
Nc4+ Nxc4 30. Rxc4 Rd2+ 0-1

[Event "*** Titled Tuesday Blitz"]
[Site "Chess.com"]
[Date "2020.05.19"]
[Round "1"]
[White "SaqoChess_Twitch"]
[Black "Blitzstream"]
[Result "0-1"]
[WhiteElo "2376"]
[BlackElo "2714"]
[TimeControl "180+1"]
[EndTime "12:05:12 PDT"]
[Termination "Blitzstream won by resignation"]

1. d4 d5 2. c4 c6 3. Nc3 Nf6 4. e3 e6 5. Nf3 Nbd7 6. Bd3 dxc4 7. Bxc4 b5 8. Bd3 Bb7 9. e4 b4 10. Na4 c5 11. e5 Nd5 12. O-O cxd4 13. Re1 Be7 14.
Nxd4 O-O 15. Qg4 Re8 16. Bh6 Bf8 17. Bg5 Qa5 18. b3 Nc3 19. Nxc3 bxc3 20. Bf6 Nxf6 21. exf6 g6 22. Re3 Rad8 23. Rh3 Qd5 24. Rh4 e5 25. Be4 Qxe4 26. Qxe4 Bxe4 27. Ne2 c2 28. Nc3 0-1

[Event "*** Titled Tuesday Blitz"]
[Site "Chess.com"]
[Date "2020.05.19"]
[Round "1"]
[White "czasnaszachy"]
[Black "PavlovDanila"]
[Result "0-1"]
[WhiteElo "2361"]
[BlackElo "2676"]
[TimeControl "180+1"]
[EndTime "12:05:12 PDT"]
[Termination "PavlovDanila won by resignation"]

1. d4 Nf6 2. c4 g6 3. Nc3 Bg7 4. e4 d6 5. f3 O-O 6. Bg5 h6 7. Be3 e5 8. d5 Nh5 9. Qd2 Qh4+ 10. Bf2 Qf4 11. Be3 Qh4+ 12. Bf2 Qe7 13. Nge2 f5 14. exf5 gxf5 15. O-O-O a5 16. g3 Na6 17. Be3 Kh7 18. f4 e4 19. Nd4 Nf6 20. Be2 Bd7 21.
h3 c5 22. Ndb5 Rae8 23. Rdg1 Nb4 24. g4 Nd3+ 25. Bxd3 exd3 26. Re1 Bxb5 27. cxb5 Ne4 28. gxf5 Nxd2 0-1

[Event "*** Titled Tuesday Blitz"]
[Site "Chess.com"]
[Date "2020.05.19"]
[Round "1"]
[White "GM_LOADING"]
[Black "SaraciNderim"]
[Result "0-1"]
[WhiteElo "2429"]
[BlackElo "2839"]
[TimeControl "180+1"]
[EndTime "12:05:15 PDT"]
[Termination "SaraciNderim won by resignation"]

1. e4 e5 2. Nf3 Nc6 3. Bc4 Bc5 4.
O-O Nf6 5. d3 O-O 6. h3 h6 7.
Re1 a6 8. a4 Ba7 9. c3 d6 10. b4 Be6 11. Bxe6 fxe6 12. Be3 Bxe3 13. Rxe3 Ne7 14. Qb3 Qd7 15. d4 exd4 16. cxd4 Ng6 17. Nc3 Rae8 18. Rae1 Nh5 19. Qc2 Nhf4 20. Kh2 e5 21.
dxe5 Nxg2 22. Kxg2 Nf4+ 23. Kg1 Qxh3 24. Nh4 Qxh4 25.
exd6 Re6 26. Rg3 Nh3+ 0-1

[Event "*** Titled Tuesday Blitz"]
[Site "Chess.com"]
[Date "2020.05.19"]
[Round "1"]
[White "Roza_Idrisova"]
[Black "JozefKneht"]
[Result "0-1"]
[WhiteElo "2130"]
[BlackElo "2505"]
[TimeControl "180+1"]
[EndTime "12:05:15 PDT"]
[Termination "JozefKneht won by resignation"]

1. d4 d5 2. Nf3 Nf6 3. Bg5 Ne4 4. Bf4 c5 5. c3 Nc6 6. e3 Qb6 7. Qb3 c4 8. Qxb6 axb6 9. Nbd2 Nxd2 10. Nxd2 b5 11.
e4 e6 12. a3 b4 13. cxb4 Nxb4 14. Rc1 Nc6 15. Be3 Be7 16. Be2 Bf6 17. e5 Be7 18. O-O b5 19. f4 Bd7 20. Nb1 O-O 21. Nc3 Rfb8 22. g4 b4 23. axb4 Rxb4 24. Rc2 Rb3 25. f5 Rab8 26. fxe6 fxe6 27. Nd1 Be8 28. Bf2 Bg6 29. Rd2 Bg5 30. Be1 Bxd2 31. Bxd2 Nxd4 32. Rf2 Nxe2+ 33. Rxe2 Be4 34. Bc3 Bf3 35. Rd2 Bxd1 36. Rxd1 Rxb2 37. Bxb2 Rxb2 38. Ra1 d4 39. Ra7 d3 40. Rd7 d2 41. Kf1 c3 42. Ke2 Rb1 43. Rd3 Re1+ 0-1

[Event "*** Titled Tuesday Blitz"]
[Site "Chess.com"]
[Date "2020.05.19"]
[Round "1"]
[White "Onischuk_V"]
[Black "AustrianFalcon"]
[Result "1-0"]
[WhiteElo "2812"]
[BlackElo "2418"]
[TimeControl "180+1"]
[EndTime "12:05:17 PDT"]
[Termination "Onischuk_V won on time"]

1. e4 g6 2. h4 d5 3. exd5 Qxd5 4. Nc3 Qa5 5. h5 Bg7 6. d3 Nc6 7. Bd2 Qe5+ 8. Be2 Nd4 9. h6 Bf6 10. Kf1 Bf5 11. Nf3 Nxf3 12. Bxf3 O-O-O 13. Ne4 Qb5 14. a4 Qb6 15. a5 Qb5 16. Ra3 Bd4 17. Rb3 Qa4 18.
Rxb7 1-0

[Event "*** Titled Tuesday Blitz"]
[Site "Chess.com"]
[Date "2020.05.19"]
[Round "1"]
[White "NormWeinstein"]
[Black "joppie2"]
[Result "0-1"]
[WhiteElo "2450"]
[BlackElo "2906"]
[TimeControl "180+1"]
[EndTime "12:05:18 PDT"]
[Termination "joppie2 won by resignation"]

1. e4 c6 2. d4 d5 3. exd5 cxd5 4. Bd3 Nc6 5. c3 Nf6 6. Bf4 g6 7. h3 Bf5 8. Bxf5 gxf5 9. Nf3 e6 10. Nbd2 Bd6 11.
Bxd6 Qxd6 12. O-O O-O 13. Re1 Kh8 14. Ne5 Ne4 15. Nd3 Rg8 16. Nf3 f6 17. Re2 Rg7 18. Nfe1 Rag8 19. Qc1 Ng5 20. Kh1 Ne7 21. Qf4 Qb6 22.
Nf3 Ng6 23. Qe3 Ne4 24. Nfe1 Qd6 25. Rc1 Nh4 26. Nf4 e5 27. dxe5 fxe5 28. Nh5 f4 29. Qd3 Rg6 30. g3 fxg3 31. fxg3 Nxg3+ 32. Nxg3 Rxg3 33. Re3 Rg1+ 0-1

[Event "*** Titled Tuesday Blitz"]
[Site "Chess.com"]
[Date "2020.05.19"]
[Round "1"]
[White "Matveev_Vladimir"]
[Black "MikeSailer"]
[Result "1-0"]
[WhiteElo "2493"]
[BlackElo "2069"]
[TimeControl "180+1"]
[EndTime "12:05:18 PDT"]
[Termination "Matveev_Vladimir won by checkmate"]

1. d4 d5 2. c4 Bf5 3. Nc3 e6 4. a3 Nc6 5. e3 Nf6 6. Nf3 Be7 7. b4 a6 8. Bb2 O-O 9. h3 Ne4 10. Be2 dxc4 11. Bxc4 Nxc3 12. Bxc3 Bd6 13. O-O Ne7 14. Re1 Nd5 15. Bb2 Nf6 16. Nd2 Ne4 17. Nb3 Qh4 18. Qe2 Ng5 19. f4 Ne4 20. Nc5 Bxc5 21. dxc5 Rad8 22.
Rad1 Rxd1 23. Rxd1 Bxh3 24. gxh3 Qg3+ 25. Qg2 Qxe3+ 26. Kh1 Nf2+ 27. Kh2 Qxf4+ 28. Kg1 Nxd1 29. Qxg7# 1-0

[Event "*** Titled Tuesday Blitz"]
[Site "Chess.com"]
[Date "2020.05.19"]
[Round "1"]
[White "fighter2jz"]
[Black "Chichin_chao"]
[Result "1-0"]
[WhiteElo "2756"]
[BlackElo "2400"]
[TimeControl "180+1"]
[EndTime "12:05:19 PDT"]
[Termination "fighter2jz won by checkmate"]

1. e4 c5 2. Nf3 e6 3. d4 cxd4 4. Nxd4 a6 5. c4 Nf6 6. Nc3 Qc7 7. Be2 b6 8. O-O Bb7 9. Qd3 Nc6 10. Nxc6 Bxc6 11.
b3 Bb4 12. Bb2 Bxc3 13. Qxc3 Bxe4 14. Rad1 O-O 15. Ba3 Rfc8 16. Bd6 Qc6 17. Qg3 Bg6 18. Be5 Ne4 19. Qe3 d5 20. Rfe1 h6 21. Bf3 Rd8 22. h4 Rac8 23. Bb2 b5 24. cxd5 exd5 25. Rc1 Qe6 26.
Qd4 Rxc1 27. Qxg7# 1-0

[Event "*** Titled Tuesday Blitz"]
[Site "Chess.com"]
[Date "2020.05.19"]
[Round "1"]
[White "eightbyeightchess"]
[Black "Mbneu"]
[Result "1-0"]
[WhiteElo "2550"]
[BlackElo "2240"]
[TimeControl "180+1"]
[EndTime "12:05:19 PDT"]
[Termination "eightbyeightchess won by resignation"]

1. e4 c5 2. Nf3 Nf6 3. e5 Nd5 4.
c3 b6 5. d4 cxd4 6. cxd4 Bb7 7. Nc3 g6 8. Bc4 Nxc3 9. bxc3 d5 10. Bd3 Bg7 11. e6 O-O 12. exf7+ Rxf7 13. O-O Ba6 14. Ng5 Rf6 15. Re1 Qd7 16. Ba3 Bxd3 17. Qxd3 Nc6 18. Re2 Raf8 19. Rae1 Qg4 20. Qg3 Qxg3 21. hxg3 h6 22.
Ne6 R8f7 23. f3 Bf8 24. g4 Na5 25. Nxf8 Kxf8 26. Bxe7+ 1-0

[Event "*** Titled Tuesday Blitz"]
[Site "Chess.com"]
[Date "2020.05.19"]
[Round "1"]
[White "The_Chess_Coach"]
[Black "dragos420"]
[Result "0-1"]
[WhiteElo "2139"]
[BlackElo "2506"]
[TimeControl "180+1"]
[EndTime "12:05:19 PDT"]
[Termination "dragos420 won by resignation"]

1. d4 Nf6 2. c4 e6 3. Nc3 Bb4 4.
e3 O-O 5. Bd2 d5 6. Nf3 c6 7.
cxd5 exd5 8. Bd3 Bg4 9. O-O Bd6 10. h3 Bh5 11. Rb1 Nbd7 12. b4 a6 13. a4 Re8 14. b5 axb5 15. axb5 Ne4 16. bxc6 bxc6 17. Re1 Nxd2 18. Qxd2 Bxf3 19. gxf3 Qg5+ 20. Kh1 Re6 21. Rg1 Qh5 22. Bf1 Qxf3+ 23. Bg2 Qf5 24. f3 Rh6 25. f4 Re8 26. Rb7 Nf6 27. Qf2 Ng4 28. Qb2 Nxe3 0-1

[Event "*** Titled Tuesday Blitz"]
[Site "Chess.com"]
[Date "2020.05.19"]
[Round "1"]
[White "Gennady_Kozlov"]
[Black "silverback96"]
[Result "0-1"]
[WhiteElo "2589"]
[BlackElo "2327"]
[TimeControl "180+1"]
[EndTime "12:05:20 PDT"]
[Termination "silverback96 won by resignation"]

1. d4 Nf6 2. c4 c5 3. d5 e6 4. Nf3 exd5 5. cxd5 d6 6. Nc3 g6 7. Nd2 Bg7 8. Nc4 O-O 9. Bf4 Na6 10. Bxd6 Re8 11.
Bg3 Ne4 12. Nxe4 Rxe4 13. e3 b5 14. Nd6 Rb4 15. Nxc8 Rxc8 16. Rb1 Qa5 17. Bd3 c4 18. Bc2 Rxb2+ 19. Kf1 Qxa2 20. Rxb2 Qxb2 21. d6 b4 22. Qb1 b3 23. Qxb2 Bxb2 24. Bxb3 cxb3 25. Ke2 Bf6 26. Rb1 b2 27. Kd2 Nc5 28. Kc2 Ne4+ 29. Kb3 Nxg3 30.
hxg3 Rc1 31. Ka2 Rxb1 32. Kxb1 Kf8 33. f4 Ke8 34. e4 Bd4 35. e5 h5 36. Kc2 Kd7 37. Kb1 a5 38. Ka2 a4 39. Kb1 a3 40.
Ka2 Bf2 41. g4 hxg4 42. Kb1 Bg3 43. Ka2 Bxf4 44. Kxa3 0-1

[Event "*** Titled Tuesday Blitz"]
[Site "Chess.com"]
[Date "2020.05.19"]
[Round "1"]
[White "Tapuah"]
[Black "Savva09022009"]
[Result "1/2-1/2"]
[WhiteElo "2782"]
[BlackElo "2420"]
[TimeControl "180+1"]
[EndTime "12:05:22 PDT"]
[Termination "Game drawn by agreement"]

1. e4 c5 2. Nf3 Nc6 3. Bb5 Nf6 4. Bxc6 dxc6 5. d3 Bg4 6. Nbd2 e6 7. h3 Bh5 8. g4 Bg6 9. Ne5 Bd6 10. Nxg6 hxg6 11. Qe2 e5 12. Nc4 Qe7 13. Be3 Bc7 14. O-O-O Nd7 15.
Kb1 g5 16. Bd2 O-O-O 17. Ne3 g6 18. Bc3 Nf8 19. Nc4 f6 20. a4 Ne6 21. Qe3 Nf4 22. Qf3 Rh7 23. Bd2 Ne6 24. c3 Rhh8 25. Be3 Rd7 26. Rd2 Rhd8 27. Rhd1 Qg7 28. a5 Kb8 29. b3 Bd6 30. Ra2 Be7 31. Rad2 Qh7 32. Kb2 Qg7 1/2-1/2

[Event "*** Titled Tuesday Blitz"]
[Site "Chess.com"]
[Date "2020.05.19"]
[Round "1"]
[White "EfM13"]
[Black "Mizner"]
[Result "0-1"]
[WhiteElo "2238"]
[BlackElo "2550"]
[TimeControl "180+1"]
[EndTime "12:05:22 PDT"]
[Termination "Mizner won by resignation"]

1. e4 e6 2. d4 d5 3. Nd2 c5 4.
Ngf3 cxd4 5. Nxd4 Nc6 6. Bb5 Bd7 7. Nxc6 bxc6 8. Bd3 Qc7 9. c4 d4 10. O-O Bd6 11.
Nf3 e5 12. Bg5 Ne7 13. Rc1 c5 14. a3 a5 15. b4 axb4 16. axb4 cxb4 17. c5 Bxc5 18.
Bxe7 Kxe7 19. Qc2 Rhc8 20. Qc4 Be6 21. Qb5 Ra5 22. Rxc5 Qxc5 23. Qb7+ Rc7 24. Qb8 Bc8 25. Rb1 Rb7 26. Qxe5+ Qxe5 27. Nxe5 Rxe5 28. f4 Rc5 29. Ba6 Rbc7 30. Rxb4 Bxa6 31. Rxd4 Rc4 32. Rxc4 Rxc4 0-1

[Event "*** Titled Tuesday Blitz"]
[Site "Chess.com"]
[Date "2020.05.19"]
[Round "1"]
[White "Vandros57"]
[Black "marcodobrikov"]
[Result "0-1"]
[WhiteElo "1930"]
[BlackElo "2474"]
[TimeControl "180+1"]
[EndTime "12:05:26 PDT"]
[Termination "marcodobrikov won by resignation"]

1. d4 Nf6 2. c4 g6 3. Nc3 d5 4. cxd5 Nxd5 5. Nf3 Bg7 6. Bd2 Nxc3 7. Bxc3 c5 8. e3 O-O 9. Be2 cxd4 10. Bxd4 Nc6 11.
Bxg7 Kxg7 12. Qxd8 Rxd8 13. O-O Be6 14. b3 Rac8 15.
Rfd1 Nb4 16. Nd4 Bd5 17. f3 e5 18. Nb5 a6 19. Na3 Be6 20. Kf2 Rxd1 21. Rxd1 Nxa2 22. Bc4 Nc3 23. Rd6 Kf6 24. Bxe6 fxe6 25. Rb6 Rc7 26. Nc4 Nd5 27. Rd6 Ke7 28. e4 Rxc4 29. bxc4 Kxd6 30.
cxd5 exd5 0-1

[Event "*** Titled Tuesday Blitz"]
[Site "Chess.com"]
[Date "2020.05.19"]
[Round "1"]
[White "zmeeed67"]
[Black "Off-War"]
[Result "0-1"]
[WhiteElo "2397"]
[BlackElo "2742"]
[TimeControl "180+1"]
[EndTime "12:05:27 PDT"]
[Termination "Off-War won on time"]

1. d4 Nf6 2. c4 e6 3. Nc3 Bb4 4.
f3 c5 5. d5 b5 6. e4 d6 7. Bd2 Bxc3 8. Bxc3 b4 9. Bd2 exd5 10.
exd5 O-O 11. Bd3 Nbd7 12. Ne2 Ne5 13. Bg5 h6 14. Bh4 Ba6 15. b3 g5 16. Bg3 Nh5 17.
Bxe5 dxe5 18. g4 Ng7 19. Ng3 Bc8 20. Qc2 a5 21. h4 gxh4 22. Ne4 f5 23. Nxc5 e4 24.
fxe4 fxe4 25. Nxe4 Bxg4 26. Be2 Qd7 27. Kd1 Rae8 28.
Rxh4 Bxe2+ 29. Qxe2 Qe7 30. Rg4 h5 31. Rxg7+ Qxg7 32. Rc1 Qd4+ 33. Qd2 Rxe4 0-1

[Event "*** Titled Tuesday Blitz"]
[Site "Chess.com"]
[Date "2020.05.19"]
[Round "1"]
[White "PlayChessSimple"]
[Black "szefru"]
[Result "1-0"]
[WhiteElo "2507"]
[BlackElo "2142"]
[TimeControl "180+1"]
[EndTime "12:05:27 PDT"]
[Termination "PlayChessSimple won by resignation"]

1. e4 Nf6 2. Nc3 d5 3. e5 Nfd7 4. f4 e6 5. Nf3 c5 6. g3 Nc6 7.
Bg2 Be7 8. O-O O-O 9. d4 cxd4 10. Ne2 Bc5 11. Nexd4 Nxd4 12. Nxd4 Qb6 13. c3 Bxd4+ 14. cxd4 Nb8 15. Rf2 Nc6 16. Be3 Bd7 17. Qd2 Na5 18.
b3 Rac8 19. g4 Rc7 20. f5 Rfc8 21. Raf1 Rc2 22. Qd1 R2c3 23. Qf3 Bb5 24. fxe6 Qxe6 25. Re1 Nc6 26. Qxd5 Rd8 27. Qxb5 1-0

[Event "*** Titled Tuesday Blitz"]
[Site "Chess.com"]
[Date "2020.05.19"]
[Round "1"]
[White "GameOverBro"]
[Black "mshuaau0"]
[Result "0-1"]
[WhiteElo "2531"]
[BlackElo "2254"]
[TimeControl "180+1"]
[EndTime "12:05:28 PDT"]
[Termination "mshuaau0 won by resignation"]

1. e4 e5 2. Nf3 Nc6 3. Bb5 a6 4. Ba4 Nf6 5. d4 exd4 6. O-O b5 7. Bb3 d6 8. Ng5 Be6 9. Bxe6 fxe6 10. Nxe6 Qd7 11.
Nxd4 Be7 12. Nc3 O-O 13. f3 Rad8 14. Be3 d5 15. Nxc6 Qxc6 16. exd5 Nxd5 17. Nxd5 Rxd5 18. Qc1 Rfd8 19. Kh1 Bc5 20. c3 Bxe3 21. Qxe3 Rd2 22.
Rab1 Qc4 23. a3 Qd3 24. Qe6+ Kh8 25. h3 h6 26. Qxa6 Qc2 27. Rfc1 Qf5 28. a4 Rxg2 29. Kxg2 Rd2+ 30. Kg1 Qg5+ 0-1

[Event "*** Titled Tuesday Blitz"]
[Site "Chess.com"]
[Date "2020.05.19"]
[Round "1"]
[White "mirandamikadze"]
[Black "GlennTipton"]
[Result "0-1"]
[WhiteElo "1974"]
[BlackElo "2481"]
[TimeControl "180+1"]
[EndTime "12:05:28 PDT"]
[Termination "GlennTipton won by resignation"]

1. e4 e5 2. Nf3 Nc6 3. Nc3 Nf6 4. Bc4 Nxe4 5. Bxf7+ Kxf7 6. Nxe4 d5 7. Neg5+ Kg8 8. d4 h6 9. Nh3 e4 10. Nfg1 Qf6 11.
Be3 Bd6 12. Qd2 Bg4 13. c3 Rf8 14. Ne2 g5 15. O-O-O b5 16. Nhg1 b4 17. h3 Bd7 18.
f3 bxc3 19. Qxc3 Nb4 20. fxe4 Nxa2+ 21. Kb1 Nxc3+ 0-1

[Event "*** Titled Tuesday Blitz"]
[Site "Chess.com"]
[Date "2020.05.19"]
[Round "1"]
[White "DrVitman"]
[Black "CuattroPrincesses"]
[Result "1-0"]
[WhiteElo "2562"]
[BlackElo "2266"]
[TimeControl "180+1"]
[EndTime "12:05:29 PDT"]
[Termination "DrVitman won by resignation"]

1. e4 c5 2. Nc3 d6 3. d4 cxd4 4. Qxd4 a6 5. b3 Nf6 6. Bb2 Nc6 7. Qd2 g6 8. O-O-O Bg7 9. f3 O-O 10. Kb1 Be6 11. Nge2 Rc8 12. Nf4 Bd7 13. h4 h5 14. g4 hxg4 15. h5 Ne5 16. hxg6 fxg6 17. fxg4 Bxg4 18. Be2 Bxe2 19. Qxe2 Qd7 20. Rdg1 b5 21.
Nxg6 Nxg6 22. Rxg6 Rf7 23. Nd5 Nxd5 24. Qh5 Kf8 25.
Qh8+ 1-0

[Event "*** Titled Tuesday Blitz"]
[Site "Chess.com"]
[Date "2020.05.19"]
[Round "1"]
[White "tarantul1"]
[Black "FMalexhdez"]
[Result "1-0"]
[WhiteElo "2491"]
[BlackElo "2055"]
[TimeControl "180+1"]
[EndTime "12:05:30 PDT"]
[Termination "tarantul1 won by resignation"]

1. e4 c5 2. Nf3 d6 3. d4 cxd4 4. Nxd4 Nf6 5. Nc3 a6 6. h3 e5 7. Nde2 h5 8. g3 b5 9. Bg2 Bb7 10.
Bg5 Be7 11. Bxf6 Bxf6 12. O-O O-O 13. Nd5 Nd7 14. a4 Nb6 15. Nxf6+ Qxf6 16. axb5 axb5 17. Nc3 Rxa1 18. Qxa1 b4 19. Qa7 bxc3 20. Qxb6 Rb8 21. bxc3 Qd8 22. Rb1 Qd7 23. Bf1 1-0

[Event "*** Titled Tuesday Blitz"]
[Site "Chess.com"]
[Date "2020.05.19"]
[Round "1"]
[White "GMSrinath"]
[Black "GMaka"]
[Result "0-1"]
[WhiteElo "2798"]
[BlackElo "2434"]
[TimeControl "180+1"]
[EndTime "12:05:31 PDT"]
[Termination "GMaka won by resignation"]

1. Nf3 Nf6 2. c4 e6 3. Nc3 Bb4 4. Qc2 O-O 5. g3 b6 6. Bg2 Bb7 7. O-O Bxc3 8. Qxc3 c5 9. d4 cxd4 10. Qxd4 Nc6 11. Qd2 d5 12. cxd5 Qxd5 13. Qxd5 Nxd5 14. Bd2 Rac8 15. Rac1 Ba6 16. Rfe1 Ncb4 17. a3 Nc2 18. e4 Nxe1 19. Rxe1 Nf6 20. Bc3 Rfd8 21. Nd4 Bb7 22. h3 Rc4 23. Nb5 a6 24. Bxf6 gxf6 25. Nc3 Rd2 26. Bf1 Rcd4 27. Re2 Rxe2 28. Bxe2 Rd2 29.
Bf1 Rxb2 30. a4 Rc2 31. Nd1 Bxe4 32. Ne3 Ra2 33. Bxa6 Ra1+ 34. Bf1 Bd3 35. a5 bxa5 36. h4 a4 0-1

[Event "*** Titled Tuesday Blitz"]
[Site "Chess.com"]
[Date "2020.05.19"]
[Round "1"]
[White "Parkas"]
[Black "Roman_Ovetchkin"]
[Result "0-1"]
[WhiteElo "2302"]
[BlackElo "2605"]
[TimeControl "180+1"]
[EndTime "12:05:31 PDT"]
[Termination "Roman_Ovetchkin won by resignation"]

1. e4 c6 2. d4 d5 3. f3 Qb6 4.
Ne2 dxe4 5. fxe4 e5 6. d5 Bg4 7.
h3 Bc5 8. Qd3 Bf2+ 9. Kd1 Bh5 10. Nd2 cxd5 11. exd5 Nf6 12. Nc4 Qc5 13. Be3 Bxe3 14.
Nxe3 Nbd7 15. c4 b5 16. Rc1 Bg6 17. cxb5 Bxd3 18. Rxc5 Nxc5 0-1

[Event "*** Titled Tuesday Blitz"]
[Site "Chess.com"]
[Date "2020.05.19"]
[Round "1"]
[White "Megagigahiper3345"]
[Black "Jadeit90"]
[Result "1-0"]
[WhiteElo "2629"]
[BlackElo "2330"]
[TimeControl "180+1"]
[EndTime "12:05:33 PDT"]
[Termination "Megagigahiper3345 won by checkmate"]

1. d4 Nf6 2. c4 c5 3. d5 d6 4.
Nc3 g6 5. e4 Bg7 6. Be2 O-O 7.
Nf3 e6 8. O-O exd5 9. exd5 Na6 10. Bg5 h6 11. Bh4 Nc7 12. Qd2 Rb8 13. a4 a6 14. Rfe1 b5 15. axb5 axb5 16. cxb5 Bd7 17. Ra7 Nxb5 18. Bxb5 Bxb5 19. Qf4 g5 20. Nxg5 hxg5 21.
Bxg5 Re8 22. Re3 Rxe3 23. fxe3 Bd3 24. e4 Rxb2 25. Qf3 c4 26. h4 Qb6+ 27. Be3 Qb4 28. Ra8+ Kh7 29. Qf5# 1-0

[Event "*** Titled Tuesday Blitz"]
[Site "Chess.com"]
[Date "2020.05.19"]
[Round "1"]
[White "besarquis"]
[Black "tsvet2005"]
[Result "0-1"]
[WhiteElo "2111"]
[BlackElo "2504"]
[TimeControl "180+1"]
[EndTime "12:05:35 PDT"]
[Termination "tsvet2005 won by resignation"]

1. e4 c5 2. Nf3 d6 3. Bb5+ Nd7 4. O-O a6 5. Bd3 Ngf6 6. Re1 e6 7. c3 b5 8. Bc2 c4 9. b3 Bb7 10. Qe2 Qc7 11. a4 cxb3 12. Bxb3 Nc5 13. Bc2 bxa4 14. e5 dxe5 15. Nxe5 Nb3 16. Rxa4 Nxc1 17. Rxc1 Bd6 18. d4 O-O 19. Nd2 Nd5 20. Rc4 Qe7 21. Qh5 g6 22.
Qh6 Rac8 23. Ndf3 Rxc4 24. Nxc4 Bf4 25. Qh3 Bxc1 26. Nce5 Nxc3 0-1

[Event "*** Titled Tuesday Blitz"]
[Site "Chess.com"]
[Date "2020.05.19"]
[Round "1"]
[White "BogdanDeac"]
[Black "White_Ghost"]
[Result "1-0"]
[WhiteElo "2988"]
[BlackElo "2458"]
[TimeControl "180+1"]
[EndTime "12:05:37 PDT"]
[Termination "BogdanDeac won by resignation"]

1. Nf3 Nf6 2. c4 c6 3. Nc3 d5 4.
e3 Bf5 5. cxd5 cxd5 6. Qb3 Nc6 7.
Qxb7 Bd7 8. Bb5 Rb8 9. Qa6 Nb4 10.
Qa4 e6 11. Bxd7+ Nxd7 12. O-O Be7 13. d4 O-O 14. a3 Nd3 15. Qc2 Nxc1 16. Rfxc1 a5 17.
Na4 Nb6 18. Ne5 Nxa4 19. Nc6 Rxb2 20. Qxa4 Qd7 21. Qxa5 Bd6 22. Qc3 Rb6 23. a4 Rc8 24. Ne7+ Bxe7 25. Qxc8+ Qxc8 26. Rxc8+ Bf8 27. a5 Ra6 28.
Rb8 g6 29. Rb6 Ra8 30. a6 Kg7 31. a7 1-0

[Event "*** Titled Tuesday Blitz"]
[Site "Chess.com"]
[Date "2020.05.19"]
[Round "1"]
[White "PetrolulSah"]
[Black "Slovak_fighter2000"]
[Result "0-1"]
[WhiteElo "2178"]
[BlackElo "2516"]
[TimeControl "180+1"]
[EndTime "12:05:37 PDT"]
[Termination "Slovak_fighter2000 won by resignation"]

1. d4 e5 2. dxe5 Nc6 3. Nf3 Qe7 4. Nc3 Nxe5 5. Nxe5 Qxe5 6. Qd5 d6 7. Qxe5+ dxe5 8.
Nb5 Bd6 9. c4 a6 10. Nxd6+ cxd6 11. b3 Be6 12. g3 Ne7 13. Bg2 d5 14. cxd5 Bxd5 15. Bxd5 Nxd5 16. Bb2 f6 17. O-O-O O-O-O 18. Kb1 b5 19. a3 Kb7 20. e4 Ne7 21. a4 Nc6 22.
axb5 axb5 23. Rxd8 Rxd8 24. Bc3 Rd3 25. Kc2 Rf3 26.
Rf1 b4 27. Bb2 Na5 28. Rd1 Rxf2+ 29. Kb1 Kc6 30. Rd8 Nxb3 31. Rb8 Nd2+ 32. Kc1 Nc4 33. Rxb4 Nxb2 34. Rxb2 Rxb2 35. Kxb2 Kb6 36. Kb3 Kb5 37. h3 g6 38. g4 g5 39. Kc3 Kc5 40. Kd3 Kb4 0-1

[Event "*** Titled Tuesday Blitz"]
[Site "Chess.com"]
[Date "2020.05.19"]
[Round "1"]
[White "1g41-0"]
[Black "EnergeticHay"]
[Result "1-0"]
[WhiteElo "2507"]
[BlackElo "2151"]
[TimeControl "180+1"]
[EndTime "12:05:37 PDT"]
[Termination "1g41-0 won by resignation"]

1. d4 Nf6 2. c4 g6 3. Nc3 Bg7 4. e4 d6 5. Nge2 O-O 6. f3 Nc6 7.
Be3 a6 8. Qd2 Rb8 9. Rc1 Bd7 10.
Nd1 b5 11. cxb5 axb5 12. d5 Ne5 13. Nd4 e6 14. dxe6 fxe6 15. Nf2 c5 16. Nb3 Qe7 17. Be2 h5 18. O-O Bc6 19. Rfd1 Rfd8 20. Na5 Be8 21. h3 Ra8 22. f4 Nc6 23. Nxc6 Bxc6 24. Bf3 Rxa2 25.
Bxc5 Ne8 26. Bd4 Qb7 27. Bxg7 Kxg7 28. Qc3+ Nf6 29. Qxc6 Qxc6 30. Rxc6 Rxb2 31. e5 Ne8 32. exd6 Rd7 33. Nd3 Rb3 34. Nc5 1-0

[Event "*** Titled Tuesday Blitz"]
[Site "Chess.com"]
[Date "2020.05.19"]
[Round "1"]
[White "harkerchess"]
[Black "lolo9292"]
[Result "0-1"]
[WhiteElo "2048"]
[BlackElo "2490"]
[TimeControl "180+1"]
[EndTime "12:05:37 PDT"]
[Termination "lolo9292 won on time"]

1. d4 Nf6 2. Bg5 b6 3. e3 Bb7 4. Nf3 e6 5. Bd3 h6 6. Bh4 g5 7. Bg3 d6 8. O-O Nbd7 9. c4 h5 10. Nxg5 h4 11. Bf4 e5 12. dxe5 dxe5 13. Ne6 fxe6 14. Bg6+ Ke7 15. Bg5 Rg8 16. Qh5 c6 17. Rd1 Bg7 18. Qxh4 Rh8 19. Qg3 Kf8 20. Nc3 Qc7 21.
Rxd7 Qxd7 22. Qxe5 Qe7 23. Ne4 Rd8 24. Nxf6 Qd6 25. Qxd6+ Rxd6 26. Ne4 Rd7 27. Bf4 Bxb2 28. Rb1 Kg7 29. h3 Kxg6 30. Rxb2 c5 31. Ng3 Re8 32.
a4 e5 0-1

[Event "*** Titled Tuesday Blitz"]
[Site "Chess.com"]
[Date "2020.05.19"]
[Round "1"]
[White "luizwas"]
[Black "r31415"]
[Result "0-1"]
[WhiteElo "1806"]
[BlackElo "2468"]
[TimeControl "180+1"]
[EndTime "12:05:38 PDT"]
[Termination "r31415 won by checkmate"]

1. e4 e5 2. Nf3 Nc6 3. Bc4 Bc5 4. c3 Nf6 5. d3 d6 6. h3 O-O 7. O-O a5 8. Re1 Re8 9. Nbd2 Be6 10. Bb3 Qb8 11. Bc2 Qa7 12. Qe2 d5 13. exd5 Bxd5 14. Bb3 e4 15. Bxd5 exf3 16. Qxf3 Rxe1+ 17. Kh2 Nxd5 18. Qxd5 Bxf2 19. Ne4 Bg1+ 20. Kg3 Rd8 21. Qg5 Rxd3+ 22. Kh4 Rxe4+ 23. g4 Qf2+ 24. Kh5 Rxh3+ 25. Qh4 Qxh4# 0-1